[Event "*** SCC Grand Prix: Titled Tuesday Blitz"]
[Site "Chess.com"]
[Date "2020.06.09"]
[Round "9"]
[White "Anaj14"]
[Black "AshotParvanyan"]
[Result "0-1"]
[WhiteElo "2296"]
[BlackElo "2439"]
[TimeControl "180+1"]
[EndTime "10:48:38 PDT"]
[Termination "AshotParvanyan won on time"]

1. e4 e5 2. Nf3 Nc6 3. Bb5 g6 4. d3 Bg7 5. Nc3 a6 6. Ba4 d6 7. h3 Nf6 8. a3 O-O 9. Bb3 h6 10. Be3 Qe7 11. Qd2 Kh7 12. g4 Nd7 13. Ne2 Nc5 14. Bd5 Be6 15. Ng3 Bxd5 16. exd5 Nd4 17. Ng1 f5 18. gxf5 gxf5 19. Bxd4 exd4+ 20. N1e2 f4 21.
Ne4 Nxe4 22. dxe4 Qxe4 23. O-O-O f3 24. Nxd4 Qxd5 25. Rhg1 Qxd4 26. Qxd4 Bxd4 27. Rxd4 Rae8 28. Rc4 Rf7 29. Rb4 Re2 30. Rf1 b6 31. a4 a5 32. Rg4 Rfe7 33. Rgg1 R7e4 34. b3 Rd4 35. Rg3 Rdd2 36. Rxf3 Rxc2+ 37. Kb1 Rb2+ 38. Ka1 Ra2+ 39. Kb1 Reb2+ 40. Kc1 Ra1+ 41. Kxb2 Rxf1 42. Rf7+ Kg6 43. Rxc7 Rxf2+ 44. Ka3 Rf6 45. Rc6 d5 46. Rc8 Rd6 47. Kb2 d4 48. Kc2 Kf5 49. Kd3 Ke5 50. h4 Kf4 51.
Rg8 Ke5 52. h5 Kd5 53. Rg4 Kc5 54. Rg6 Rd5 55. Rxh6 Rg5 56. Rh8 Rg3+ 57. Kc2 Rg2+ 58. Kd3 Rg3+ 59. Kc2 Kb4 60. Rb8 d3+ 61. Kd2 Kxb3 62. Rxb6+ Kxa4 63. Rd6 Rh3 64. h6 Kb4 65. Rd4+ Kc5 66. Rxd3 Rxh6 67. Ra3 Kb4 68. Rf3 Rc6 69.
Rf4+ Kb3 70. Rf3+ Kb2 71. Rf5 a4 72. Rb5+ Ka2 73. Rb4 a3 74. Rb5 Ka1 75. Kd1 a2 76. Rb4 Rc8 77. Kd2 Rh8 78. Kc2 Rh2+ 79. Kc1 Rh1+ 80.
Kc2 Rb1 81. Ra4 Rb2+ 82. Kc1 Rb8 83. Kc2 Rc8+ 84. Kd1 Kb2 85. Rb4+ Ka3 86. Rb7 a1=Q+ 0-1

[Event "*** SCC Grand Prix: Titled Tuesday Blitz"]
[Site "Chess.com"]
[Date "2020.06.09"]
[Round "9"]
[White "WIDBIFS"]
[Black "Vaathi_Coming"]
[Result "0-1"]
[WhiteElo "2686"]
[BlackElo "2841"]
[TimeControl "180+1"]
[EndTime "10:48:42 PDT"]
[Termination "Vaathi_Coming won on time"]

1. d4 Nf6 2. Nf3 d5 3. Bf4 Bf5 4. e3 e6 5. Nbd2 Bd6 6. Bg3 O-O 7. c4 Nbd7 8. Qb3 Bxg3 9. hxg3 c5 10. cxd5 exd5 11. Be2 c4 12. Qc3 b5 13. O-O a5 14.
a3 Qe7 15. b4 Ra6 16. bxa5 Rfa8 17. Ne5 Nxe5 18. dxe5 Nd7 19. Nf3 Rxa5 20. Nd4 Qxe5 21. g4 Be6 22. f4 Qd6 23. f5 Rxa3 24. Rxa3 Rxa3 25. Qc1 Qc5 26. fxe6 fxe6 27. Kh1 e5 28. Nf5 h6 29. e4 d4 30. Nxh6+ gxh6 31. Qxh6 Qe7 32.
Qg6+ Kh8 33. Rf7 Ra1+ 34. Bf1 Rxf1+ 35. Rxf1 Nf8 36. Qh6+ Kg8 37. g5 d3 38. Qc6 Qh7+ 39. Kg1 Qa7+ 40. Kh2 Qh7+ 41. Kg3 Qe7 42. Rf6 d2 43. Qd5+ Kg7 44. Qxd2 Ng6 45. Rf5 Nf4 46. Qb2 Nd3 47. Qc3 Kg6 48. Kg4 Qd7 49. Qa5 Nf2+ 50.
Kf3 Qd3+ 51. Kxf2 Qd4+ 52. Kg3 Qe3+ 53. Rf3 Qxg5+ 54. Kf2 Qc1 55. Qe1 Qc2+ 56. Qe2 Qc1 57. Rg3+ Kf6 58. Rf3+ Ke7 59. Qe3 Qc2+ 60. Kg3 b4 61.
Qa7+ Ke6 62. Qb6+ Ke7 63. Qxb4+ Ke6 64. Qc5 Qc1 65. Qd5+ Ke7 66. Qxe5+ Kd7 67. Qd4+ Kc6 68. Rf6+ Kb5 69. Rb6+ Ka4 70. Ra6+ Kb3 71. Qb6+ Kc2 72.
Ra2+ Kd3 73. Qf2 Qg5+ 74. Kh2 c3 75. Qf3+ Kc4 76. Ra3 Qh6+ 77. Qh3 Qf4+ 78. Qg3 Qh6+ 79. Qh3 Qd6+ 80. Qg3 Qxa3 81. Qc7+ Kd3 82. e5 c2 83. e6 c1=Q 84. Qd7+ Kc2 85. e7 Qf4+ 0-1

[Event "*** SCC Grand Prix: Titled Tuesday Blitz"]
[Site "Chess.com"]
[Date "2020.06.09"]
[Round "9"]
[White "GukeshDommaraju"]
[Black "Anton_Demchenko"]
[Result "0-1"]
[WhiteElo "2670"]
[BlackElo "2826"]
[TimeControl "180+1"]
[EndTime "10:48:47 PDT"]
[Termination "Anton_Demchenko won on time"]

1. e4 e5 2. Nf3 Nc6 3. Bb5 a6 4. Ba4 Nge7 5. O-O Ng6 6. c3 d6 7.
d4 Bd7 8. d5 Nb8 9. Bxd7+ Qxd7 10. c4 Be7 11. Nc3 O-O 12. Be3 f5 13. exf5 Qxf5 14.
Nd2 Nd7 15. Nde4 Nf4 16. f3 Qg6 17. g3 Nh3+ 18. Kg2 Ng5 19. Bxg5 Bxg5 20. b4 Be3 21. Qd3 Bd4 22. Rad1 a5 23. b5 a4 24. Ne2 Bb6 25.
N4c3 Qxd3 26. Rxd3 Nc5 27. Rdd1 a3 28. h4 Rfe8 29.
g4 g6 30. Ng3 Kg7 31. h5 Rf8 32. Rc1 Nd3 33. Rc2 Bd4 34. Nce4 Ra4 35. g5 Nf4+ 36. Kh1 gxh5 37. c5 h4 38. cxd6 hxg3 39. dxc7 g2+ 40. Rxg2 Nxd5 41. Rc1 Raa8 42. Nd6 Rac8 43. Nxc8 Rxc8 44.
Rgc2 Kg6 45. Rc4 Kxg5 46. Kg2 Kf5 47. Kf1 h5 48. Ke2 h4 49. Rh1 h3 50. Kd2 Nf4 51. Kc2 Ke6 52. Kb3 Kd6 53. Kxa3 Rxc7 54. Rxc7 Kxc7 55. Kb4 b6 56. Kc4 Kd6 57. a4 Bf2 58. Kb4 Be3 59. a5 Bd2+ 60. Kc4 Bxa5 61. Rd1+ Ke6 62. Rh1 Bd2 63. Kb3 Be3 64. Kc2 Bc5 65. Kd1 Kd5 66. Ke1 Kc4 67. Kf1 Kxb5 68. Rh2 Kc4 69. Rc2+ Kd3 70. Rb2 Bd4 71. Rb3+ Kc4 72.
Ra3 b5 73. Ra2 b4 74. Rc2+ Kd3 75. Rh2 b3 76. Rd2+ Kc3 77. Rh2 b2 78. Rxb2 Kxb2 79. Ke1 Kb3 80. Kd2 Kc4 81. Kc2 Kd5 82. Kd2 Ke6 83.
Kc2 Kf7 84. Kb3 Kg8 85. Kc4 Kh8 86. Kb5 Kh7 87. Kc6 Kh6 88. Kd6 Kg6 89. Ke7 Kh5 90.
Kf6 Kh4 91. Kf5 Kg3 92. Ke4 Kf2 93. Kf5 Kxf3 94. Kg5 e4 95. Kf5 e3 0-1

[Event "*** SCC Grand Prix: Titled Tuesday Blitz"]
[Site "Chess.com"]
[Date "2020.06.09"]
[Round "9"]
[White "szachuspl"]
[Black "Khvicha_Supatashvili"]
[Result "1/2-1/2"]
[WhiteElo "2564"]
[BlackElo "2718"]
[TimeControl "180+1"]
[EndTime "10:49:13 PDT"]
[Termination "Game drawn - insufficient material"]

1. d4 Nf6 2. c4 e6 3. Nf3 d5 4.
Nc3 Bb4 5. Qa4+ Nc6 6. e3 O-O 7. Qc2 dxc4 8. Bxc4 e5 9. dxe5 Ng4 10. a3 Ncxe5 11.
Be2 Bd6 12. Bd2 c6 13. h3 Nf6 14. O-O Nxf3+ 15. Bxf3 Qe7 16. e4 Qe5 17. g3 Bxh3 18.
Rfe1 Bg4 19. Bf4 Qe6 20. Bxg4 Nxg4 21. e5 Be7 22. Kg2 Nh6 23. Bxh6 Qxh6 24. f4 c5 25. Qe4 Qc6 26. Nd5 Rfe8 27. Rac1 Rac8 28. Rh1 h6 29. Rhe1 c4 30. Rc2 b5 31. Rd2 Bf8 32.
Kh2 a5 33. Red1 b4 34. axb4 axb4 35. f5 c3 36. bxc3 bxc3 37. Rc2 Qc4 38. Qxc4 Rxc4 39.
Rxc3 Re4 40. Nf4 R4xe5 41. g4 Re4 42. Kg3 Re3+ 43. Rxe3 Rxe3+ 44. Kg2 Be7 45. Rd3 Rxd3 46. Nxd3 Bd6 47. Kf3 Kf8 48. Nf2 Ke7 49. Ne4 Be5 50.
Ke3 Kd7 51. Kd3 Kc6 52. Kc4 g6 53. fxg6 fxg6 54. Kd3 Kd5 55. Ke3 Kc4 56. Kf3 Kd4 57.
Nf2 Bf6 58. Ne4 Be7 59. Nf2 Ke5 60. Nd3+ Kd4 61. Nf4 g5 62. Ng2 Ke5 63. Ne3 Kf6 64. Nf5 Bf8 65. Ke4 Kg6 66. Ng3 h5 67. gxh5+ Kf6 68.
Kf3 Bg7 69. Kg4 Bf8 70. Ne4+ Kg7 71. Kxg5 Be7+ 72. Kg4 Kh6 73. Ng3 Bf6 74. Nf5+ Kh7 75. Kf4 Ba1 76. Ke4 Bb2 77. Kd5 Ba1 78. Ke6 Bb2 79. Kf7 Ba1 80. Ke6 Bb2 81. Kd5 Ba1 82.
Ke4 Bb2 83. Kf4 Ba1 84. Kg5 Bb2 85. Ng3 Bc1+ 86. Kg4 Bb2 87. Ne2 Ba1 88. Nf4 Bb2 89. Ne6 Ba1 90. Nf8+ Kh6 91. Ng6 Bb2 92. Nf4 Ba1 93.
Nh3 Bb2 94. Ng5 Ba1 95. Nf7+ Kg7 96. Nd6 Kh7 97. Kg5 Bb2 98. Ne4 Ba1 99. Ng3 Bb2 100. Nf5 Bc1+ 101. Kg4 Bb2 102. Kg5 Bc1+ 103. Kf6 Bb2+ 104. Kf7 Ba1 105. Ng3 Be5 106. Ke6 Bxg3 107. Kf5 Kh6 108. Kg4 Bf4 109. Kxf4 Kxh5 1/2-1/2

[Event "*** SCC Grand Prix: Titled Tuesday Blitz"]
[Site "Chess.com"]
[Date "2020.06.09"]
[Round "9"]
[White "Nastya_Rakhmangulova"]
[Black "FontVella8"]
[Result "1-0"]
[WhiteElo "2285"]
[BlackElo "2414"]
[TimeControl "180+1"]
[EndTime "10:49:57 PDT"]
[Termination "Nastya_Rakhmangulova won by resignation"]

1. e4 c6 2. d4 d5 3. Nc3 dxe4 4. Nxe4 Nf6 5. Nxf6+ exf6 6. c3 Bd6 7. Bd3 Qc7 8. Qc2 Be6 9. Ne2 Nd7 10. Be3 O-O-O 11. O-O-O h5 12. Kb1 h4 13. h3 g6 14. c4 Rhe8 15. c5 Bf8 16. Qa4 Qb8 17. Bf4 Ne5 18. dxe5 fxe5 19. Bg5 Rxd3 20. Rxd3 Bf5 21.
Rd1 Bxc5 22. Ka1 Bxd3 23. Rxd3 Bxf2 24. Bxh4 Bxh4 25. Qxh4 Qc7 26. Qg4+ Re6 27. Nc3 b6 28. Qh4 Kb7 29. Qd8 Qxd8 30. Rxd8 Kc7 31. Rf8 Re7 32. Kb1 Kd6 33. Kc2 e4 34. Kd2 Ke5 35. Rg8 Rd7+ 36. Ke2 Kf4 37. g4 e3 38. Nb1 Re7 39.
Rd8 Kg3 40. Rh8 f5 41. gxf5 gxf5 42. Nc3 f4 43. Rg8+ Kxh3 44. Kf3 Kh4 45. Ne2 Kh5 46.
Nxf4+ Kh6 47. Rg6+ Kh7 48. Rxc6 Kg7 49. Ne2 Kf7 50. Rc3 Re5 51. Rxe3 Rb5 52. Rb3 Ra5 53. Nc3 Rc5 54. Rb5 Rc4 55. Re5 Kf6 56. Re4 Rc5 57.
Ke3 Ra5 58. Rd4 Rh5 59. a3 Ke6 60. Ne4 Rh3+ 61. Kd2 Rh2+ 62. Kc3 Ke5 63. Rb4 Rh3+ 64. Kc2 Rh2+ 65. Nd2 Kd5 66. Rb5+ Kc6 67. Rg5 Rh3 68. Rg6+ Kb7 69. Nb3 Rh2+ 70. Kb1 Rh3 71. Ka2 Rh2 72. a4 Rh4 73. Ka3 Rf4 74. Rg7+ Ka6 75. Nc1 Rf3+ 76. b3 Rf1 77. Na2 b5 78. Nb4+ Kb6 79. Rg6+ Kb7 80.
axb5 Ra1+ 81. Kb2 Rh1 82. Nd5 Rh5 83. Rg7+ Kc8 84. Nc3 Kb8 85. Ka3 Rh4 86. b4 Rc4 87.
Kb3 Rd4 88. Ka4 Rc4 89. Nd5 Rd4 90. Nf6 Rd1 91. Kb3 Rb1+ 92. Kc4 Rc1+ 93. Kd5 Rd1+ 94. Kc5 Rc1+ 95. Kd6 Rd1+ 96. Nd5 Rc1 97. b6 axb6 98. Nxb6 Rd1+ 99. Kc5 Rc1+ 100. Kb5 Rc5+ 101. Ka4 Ra5+ 102. Kb3 Ra3+ 103. Kc4 Rc3+ 104. Kd4 Rd3+ 105. Kc5 Rc3+ 106. Nc4 Rc1 107. b5 Rh1 108. b6 Rh5+ 109. Kc6 Rh8 110. Rb7+ Ka8 111. Ra7+ Kb8 112. Nd6 Rh1 113. Re7 Rc1+ 114. Kd7 Rc8 115. Re8 Rxe8 116. Kxe8 Ka8 117. Kd7 Kb8 118. Kc6 Ka8 119. Nc4 Kb8 120. Na5 Ka8 121. Kb5 Kb8 122. Ka6 Ka8 123. b7+ Kb8 124. Nc6+ Kc7 125. b8=Q+ Kd7 126. Qb7+ 1-0

[Event "*** SCC Grand Prix: Titled Tuesday Blitz"]
[Site "Chess.com"]
[Date "2020.06.09"]
[Round "10"]
[White "Bigfish1995"]
[Black "ChessWarrior7197"]
[Result "1/2-1/2"]
[WhiteElo "3001"]
[BlackElo "2970"]
[TimeControl "180+1"]
[EndTime "10:51:18 PDT"]
[Termination "Game drawn by agreement"]

1. d4 d5 2. c4 e6 3. Nc3 c5 4. cxd5 exd5 5. Nf3 Nc6 6. g3 Nf6 7. Bg2 cxd4 8. Nxd4 Bc5 9. Nxc6 bxc6 10. O-O O-O 11. Qc2 Bb6 12. Bf4 1/2-1/2

[Event "*** SCC Grand Prix: Titled Tuesday Blitz"]
[Site "Chess.com"]
[Date "2020.06.09"]
[Round "10"]
[White "wonderfultime"]
[Black "Alexander_Moskalenko"]
[Result "1-0"]
[WhiteElo "3009"]
[BlackElo "2841"]
[TimeControl "180+1"]
[EndTime "10:51:29 PDT"]
[Termination "wonderfultime won by checkmate"]

1. d4 d5 2. Nf3 e6 3. Bf4 Bd6 4.
Bg3 Ne7 5. e3 Nf5 6. c4 Nxg3 7.
hxg3 dxc4 8. Bxc4 c5 9. Nc3 cxd4 10. Qxd4 O-O 11. Rd1 Be7 12. Qe4 Qa5 13. Qxh7# 1-0

[Event "*** SCC Grand Prix: Titled Tuesday Blitz"]
[Site "Chess.com"]
[Date "2020.06.09"]
[Round "10"]
[White "Volodar_Murzin"]
[Black "RaunakSadhwani2005"]
[Result "0-1"]
[WhiteElo "2729"]
[BlackElo "2901"]
[TimeControl "180+1"]
[EndTime "10:51:30 PDT"]
[Termination "RaunakSadhwani2005 won by resignation"]

1. e4 c6 2. Nf3 d5 3. Nc3 Bg4 4. h3 Bxf3 5. Qxf3 Nf6 6. d3 e6 7.
g3 Bb4 8. a3 Qa5 9. Bd2 d4 10.
Nb1 Bxd2+ 11. Nxd2 Nbd7 12. Bg2 O-O 13. O-O Qxd2 0-1

[Event "*** SCC Grand Prix: Titled Tuesday Blitz"]
[Site "Chess.com"]
[Date "2020.06.09"]
[Round "10"]
[White "ChelsieMonica"]
[Black "DrKozerov"]
[Result "1-0"]
[WhiteElo "2388"]
[BlackElo "2561"]
[TimeControl "180+1"]
[EndTime "10:51:49 PDT"]
[Termination "ChelsieMonica won by resignation"]

1. c4 b6 2. Nc3 Bb7 3. d4 Nf6 4. Nf3 e6 5. e3 d5 6. Be2 Nbd7 7.
O-O c5 8. cxd5 Nxd5 9. e4 Nxc3 10. bxc3 Bxe4 11. Ng5 Bc6 12. Bh5 g6 13. Bf3 Be4 14. Nxe4 1-0

[Event "*** SCC Grand Prix: Titled Tuesday Blitz"]
[Site "Chess.com"]
[Date "2020.06.09"]
[Round "10"]
[White "monstertube"]
[Black "PauloFanha"]
[Result "1-0"]
[WhiteElo "2154"]
[BlackElo "1979"]
[TimeControl "180+1"]
[EndTime "10:52:12 PDT"]
[Termination "monstertube won by checkmate"]

1. d4 d5 2. Nf3 e6 3. Bg5 Be7 4. Bxe7 Qxe7 5. c3 Nf6 6. e3 Ne4 7. Nfd2 Nxd2 8. Nxd2 O-O 9. Bd3 e5 10. dxe5 Qxe5 11. Nf3 Qh5 12. h3 c6 13. Qc2 h6 14.
Qb3 Kh8 15. Qb4 f6 16. Qxf8# 1-0

[Event "*** SCC Grand Prix: Titled Tuesday Blitz"]
[Site "Chess.com"]
[Date "2020.06.09"]
[Round "10"]
[White "rududuyk"]
[Black "j2806"]
[Result "1-0"]
[WhiteElo "2176"]
[BlackElo "2028"]
[TimeControl "180+1"]
[EndTime "10:52:19 PDT"]
[Termination "rududuyk won by resignation"]

1. e4 c5 2. Nc3 Nc6 3. f4 g6 4.
Nf3 Bg7 5. Bc4 e6 6. O-O Nge7 7. d3 a6 8. a4 O-O 9. Qe1 b6 10. f5 exf5 11. Qh4 fxe4 12. dxe4 d6 13. Ng5 h6 14. Nxf7 d5 15. Nxd8 1-0

[Event "*** SCC Grand Prix: Titled Tuesday Blitz"]
[Site "Chess.com"]
[Date "2020.06.09"]
[Round "10"]
[White "Training_Day"]
[Black "MateSchmate"]
[Result "1-0"]
[WhiteElo "2340"]
[BlackElo "2415"]
[TimeControl "180+1"]
[EndTime "10:52:36 PDT"]
[Termination "Training_Day won by checkmate"]

1. e4 e6 2. d4 d5 3. e5 c5 4. c3 cxd4 5. cxd4 Nc6 6. Nf3 Nge7 7. Nc3 Nf5 8. Be2 h5 9. O-O h4 10. h3 a6 11. Bg5 Be7 12. Bxe7 Qxe7 13. a3 Bd7 14. b4 b5 15. Qd2 O-O-O 16. a4 Qxb4 17.
Rfb1 Qe7 18. axb5 axb5 19. Nxb5 Rdg8 20. Na7+ Nxa7 21. Rxa7 g5 22. Ba6+ Kd8 23. Rb8+ Bc8 24. Rxc8# 1-0

[Event "*** SCC Grand Prix: Titled Tuesday Blitz"]
[Site "Chess.com"]
[Date "2020.06.09"]
[Round "10"]
[White "kot60"]
[Black "silverback96"]
[Result "1-0"]
[WhiteElo "2358"]
[BlackElo "2202"]
[TimeControl "180+1"]
[EndTime "10:53:02 PDT"]
[Termination "kot60 won by resignation"]

1. e4 c5 2. Nc3 Nc6 3. Bc4 e6 4. d3 Nf6 5. Nge2 d5 6. exd5 exd5 7. Bb3 Be7 8. Bg5 d4 9. Bxf6 Bxf6 10. Ne4 Be7 11.
O-O f5 12. N4g3 Qd6 13. Re1 Bd7 14. Qd2 h5 15. Qf4 Qf6 16. Qc7 h4 17. Nf1 Rb8 18. Nf4 g5 19. Nd5 1-0

[Event "*** SCC Grand Prix: Titled Tuesday Blitz"]
[Site "Chess.com"]
[Date "2020.06.09"]
[Round "10"]
[White "woodhy"]
[Black "topotun"]
[Result "0-1"]
[WhiteElo "2473"]
[BlackElo "2627"]
[TimeControl "180+1"]
[EndTime "10:53:05 PDT"]
[Termination "topotun won by resignation"]

1. e4 c6 2. d4 d5 3. Nc3 dxe4 4. Nxe4 Bf5 5. Ng3 Bg6 6. Nf3 Nd7 7.
Bc4 e6 8. O-O Bd6 9. Ne2 Qc7 10.
g3 Ngf6 11. Bf4 O-O-O 12. Re1 e5 13. dxe5 Nxe5 14. Nxe5 Bxe5 15. Qc1 Rhe8 16. Bb3 Ne4 17. Bxe5 Rxe5 18. Nf4 Nd2 19. Nxg6 Rxe1+ 20. Qxe1 Nf3+ 21. Kf1 Nxe1 22. Ne7+ Qxe7 23. Rxe1 Qf6 0-1

[Event "*** SCC Grand Prix: Titled Tuesday Blitz"]
[Site "Chess.com"]
[Date "2020.06.09"]
[Round "10"]
[White "aa175"]
[Black "j_coca"]
[Result "1-0"]
[WhiteElo "2394"]
[BlackElo "2220"]
[TimeControl "180+1"]
[EndTime "10:53:12 PDT"]
[Termination "aa175 won by resignation"]

1. d4 g6 2. Bf4 Bg7 3. e3 d6 4. Nf3 Nc6 5. Nc3 Bg4 6. h3 Bxf3 7. Qxf3 e5 8. dxe5 dxe5 9. Bg3 f5 10. Ba6 e4 11.
Nxe4 fxe4 12. Qxe4+ Nce7 13. Bxb7 Rb8 14. Bc6+ Kf7 15.
Rd1 Nxc6 16. Qc4+ Ke7 17. Rxd8 Nxd8 18. Qxc7+ Ke6 19. Qxg7 Nf7 20. Bxb8 1-0

[Event "*** SCC Grand Prix: Titled Tuesday Blitz"]
[Site "Chess.com"]
[Date "2020.06.09"]
[Round "10"]
[White "Bulldog167"]
[Black "Fusikk"]
[Result "1-0"]
[WhiteElo "2781"]
[BlackElo "2588"]
[TimeControl "180+1"]
[EndTime "10:53:41 PDT"]
[Termination "Bulldog167 won by resignation"]

1. e4 c6 2. Nc3 d5 3. Nf3 Bg4 4. h3 Bxf3 5. Qxf3 e6 6. d3 Nd7 7.
g3 g6 8. Bg2 Bg7 9. Bd2 Ne7 10.
O-O O-O 11. Qe2 Qb6 12. Rab1 Rae8 13. Kh2 f5 14. f4 Nc8 15. e5 c5 16. Nd1 Kh8 17. c4 d4 18. b4 Qc7 19. a3 Rg8 20. h4 h5 21. Bf3 Kh7 22. Nf2 Nf8 23. Nh3 Kh8 24. bxc5 b6 25. cxb6 Nxb6 26. Bb4 Nh7 27. Bd6 Qc8 28. Qg2 Na4 29. Bc6 1-0

[Event "*** SCC Grand Prix: Titled Tuesday Blitz"]
[Site "Chess.com"]
[Date "2020.06.09"]
[Round "10"]
[White "Ural_bogatyr"]
[Black "Vesper2018"]
[Result "0-1"]
[WhiteElo "2305"]
[BlackElo "2422"]
[TimeControl "180+1"]
[EndTime "10:53:48 PDT"]
[Termination "Vesper2018 won by resignation"]

1. e4 c5 2. Nf3 d6 3. d4 cxd4 4. Qxd4 Nf6 5. Nc3 a6 6. Be3 e5 7.
Qd2 Be7 8. O-O-O O-O 9. Bg5 Nbd7 10. h3 b5 11. g4 b4 12. Nd5 Nxd5 13. exd5 a5 14.
Bd3 Nc5 15. Rde1 Nxd3+ 16. Qxd3 Bxg5+ 17. Kb1 Bf4 18. h4 a4 19. Ng5 g6 20. Nh3 Bh6 21. h5 Bg7 22. h6 Bh8 23. f4 exf4 24. Nxf4 Qf6 0-1

[Event "*** SCC Grand Prix: Titled Tuesday Blitz"]
[Site "Chess.com"]
[Date "2020.06.09"]
[Round "10"]
[White "bratkoo"]
[Black "OhanyanEminChess"]
[Result "0-1"]
[WhiteElo "2335"]
[BlackElo "2444"]
[TimeControl "180+1"]
[EndTime "10:53:50 PDT"]
[Termination "OhanyanEminChess won by resignation"]

1. e4 e5 2. Nf3 Nc6 3. Bc4 Nf6 4. d3 d5 5. exd5 Nxd5 6. O-O Bc5 7. Re1 Be6 8. c3 O-O 9. b4 Bb6 10. b5 Na5 11. Nxe5 Nxc4 12. Nxc4 Qf6 13. Nxb6 axb6 14. Bb2 Nf4 15. Qf3 Bd5 16. Qg3 Rfe8 17. Rxe8+ Rxe8 18. Nd2 Ne2+ 19. Kf1 Nxg3+ 20. hxg3 Qf5 21. Ne4 Bxe4 22. dxe4 Qxe4 23. Kg1 Qe2 24. Ba3 Qxb5 25. Rd1 0-1

[Event "*** SCC Grand Prix: Titled Tuesday Blitz"]
[Site "Chess.com"]
[Date "2020.06.09"]
[Round "10"]
[White "Raja3401"]
[Black "Dinamo81"]
[Result "1/2-1/2"]
[WhiteElo "2810"]
[BlackElo "2653"]
[TimeControl "180+1"]
[EndTime "10:53:51 PDT"]
[Termination "Game drawn by agreement"]

1. e4 e6 2. d4 d5 3. Nd2 c5 4.
exd5 exd5 5. Ngf3 Nc6 6. Bb5 cxd4 7. O-O Bd6 8. Nb3 Ne7 9. Nbxd4 O-O 10. Bg5 Qc7 11.
c3 Bg4 12. h3 Nxd4 13. cxd4 Bxf3 14. Qxf3 Qb6 15. Bd3 Qxd4 16. Rfd1 Qe5 17. Bxe7 Qh2+ 18. Kf1 Bxe7 1/2-1/2

[Event "*** SCC Grand Prix: Titled Tuesday Blitz"]
[Site "Chess.com"]
[Date "2020.06.09"]
[Round "10"]
[White "Gareth-Bale11"]
[Black "lelajavakhishvili"]
[Result "1-0"]
[WhiteElo "2759"]
[BlackElo "2454"]
[TimeControl "180+1"]
[EndTime "10:53:53 PDT"]
[Termination "Gareth-Bale11 won by checkmate"]

1. e4 c5 2. Nf3 Nc6 3. g3 Nf6 4. d3 e5 5. Bg2 g6 6. O-O Bg7 7. Re1 O-O 8. Nc3 d6 9. Rb1 h6 10. Nd5 Be6 11. c4 Nd7 12. a3 f5 13.
Nh4 Kh7 14. exf5 gxf5 15. f4 Nd4 16. Be3 Bxd5 17. Bxd5 Nf6 18. Bxb7 Rb8 19. Bg2 Ng4 20. Bd2 Rb3 21. Bc3 Rb6 22. Nxf5 Nxf5 23. Qxg4 exf4 24. Bxg7 Nxg7 25. Be4+ Kh8 26. Qg6 Rf6 27. Qh7# 1-0

[Event "*** SCC Grand Prix: Titled Tuesday Blitz"]
[Site "Chess.com"]
[Date "2020.06.09"]
[Round "10"]
[White "Kapitan_Bayan"]
[Black "bulletteemo"]
[Result "1-0"]
[WhiteElo "2384"]
[BlackElo "2525"]
[TimeControl "180+1"]
[EndTime "10:54:06 PDT"]
[Termination "Kapitan_Bayan won by resignation"]

1. d4 Nf6 2. Nf3 g6 3. c4 Bg7 4.
Nc3 d5 5. cxd5 Nxd5 6. e4 Nxc3 7. bxc3 c5 8. Be2 O-O 9. Rb1 Qa5 10. Qd2 Bg4 11. Rb5 Qa4 12. Rxc5 Nc6 13. Bb5 Qa5 14.
Bxc6 Qc7 15. Bb5 Qb6 16. Be2 Rfd8 17. O-O a6 18. Qf4 Be6 19. Qc7 Qxc7 20. Rxc7 b5 21. d5 Bg4 22. Bg5 f6 23. Bd2 Kf7 24. c4 Rac8 25.
Rxc8 Rxc8 26. cxb5 Bxf3 27. gxf3 axb5 28. Bxb5 Rc2 29.
Be3 Rxa2 30. d6 Ra8 31. d7 e5 32. Bb6 1-0

[Event "*** SCC Grand Prix: Titled Tuesday Blitz"]
[Site "Chess.com"]
[Date "2020.06.09"]
[Round "10"]
[White "Ekka83"]
[Black "harlem4brew"]
[Result "0-1"]
[WhiteElo "2372"]
[BlackElo "2236"]
[TimeControl "180+1"]
[EndTime "10:54:10 PDT"]
[Termination "harlem4brew won by resignation"]

1. e4 c5 2. Nf3 Nc6 3. d4 cxd4 4. Nxd4 Nf6 5. Nc3 g6 6. Be3 Bg7 7. Be2 O-O 8. O-O d6 9. h3 Bd7 10. Qd2 Rc8 11. Rad1 Ne5 12. Bh6 Bxh6 13. Qxh6 Rxc3 14. bxc3 Nxe4 15. f4 Nc6 16. f5 Nxc3 17. fxg6 hxg6 18. Bc4 d5 19. Nxc6 Bxc6 20. Bd3 Qd6 21. Rf2 Nxd1 0-1

[Event "*** SCC Grand Prix: Titled Tuesday Blitz"]
[Site "Chess.com"]
[Date "2020.06.09"]
[Round "10"]
[White "ferdipy"]
[Black "1f3_2g41-0"]
[Result "0-1"]
[WhiteElo "2333"]
[BlackElo "2224"]
[TimeControl "180+1"]
[EndTime "10:54:11 PDT"]
[Termination "1f3_2g41-0 won by checkmate"]

1. e4 c5 2. d4 cxd4 3. c3 d3 4. c4 Nc6 5. Bxd3 d6 6. Nf3 Nf6 7. Nc3 g6 8. h3 Bg7 9. O-O O-O 10. Be3 Nd7 11. Qe2 Nc5 12. Rac1 h6 13. Rfd1 Nxd3 14.
Qxd3 Be6 15. b3 Rc8 16. Qd2 Kh7 17. Qe2 Qa5 18. Bd2 Qa6 19. Ne1 Nd4 20. Qd3 f5 21. f4 fxe4 22. Qxe4 Qb6 23. Kh2 Bf5 24. Qxe7 Rce8 25.
Qh4 Ne2 26. Nd5 Qg1# 0-1

[Event "*** SCC Grand Prix: Titled Tuesday Blitz"]
[Site "Chess.com"]
[Date "2020.06.09"]
[Round "10"]
[White "mfwagnerpeixoto"]
[Black "RitvarsReimanis"]
[Result "1-0"]
[WhiteElo "2279"]
[BlackElo "2439"]
[TimeControl "180+1"]
[EndTime "10:54:19 PDT"]
[Termination "mfwagnerpeixoto won by resignation"]

1. Nf3 Nf6 2. d4 e6 3. c4 d5 4. g3 Be7 5. Bg2 O-O 6. O-O dxc4 7. Qc2 b5 8. a4 b4 9. Qxc4 a5 10. Bg5 Ba6 11. Qc2 Nbd7 12. Re1 Rc8 13. Qc6 Nb8 14. Qc2 c5 15. Bxf6 Bxf6 16. dxc5 b3 17. Qxb3 Rxc5 18. Nc3 Nc6 19. Ne4 Rd5 20. Nxf6+ Qxf6 21. Qb6 Nb4 22.
e4 Rd2 23. Nxd2 1-0

[Event "*** SCC Grand Prix: Titled Tuesday Blitz"]
[Site "Chess.com"]
[Date "2020.06.09"]
[Round "10"]
[White "AcsinteMatei"]
[Black "doctorcristian"]
[Result "0-1"]
[WhiteElo "2323"]
[BlackElo "2425"]
[TimeControl "180+1"]
[EndTime "10:54:28 PDT"]
[Termination "doctorcristian won by resignation"]

1. d4 d5 2. Bf4 c5 3. e3 Nc6 4. c3 cxd4 5. exd4 f6 6. Bd3 e5 7.
dxe5 fxe5 8. Qh5+ g6 9. Bxg6+ hxg6 10. Qxh8 exf4 11. Qxg8 Bf5 12. Nf3 Qe7+ 13. Kf1 O-O-O 14. Nbd2 Bh6 15. Qxd8+ Qxd8 16. h4 Qb6 17. Nb3 a5 18. h5 g5 0-1

[Event "*** SCC Grand Prix: Titled Tuesday Blitz"]
[Site "Chess.com"]
[Date "2020.06.09"]
[Round "10"]
[White "Berant"]
[Black "MFguimaraes"]
[Result "1-0"]
[WhiteElo "2366"]
[BlackElo "2444"]
[TimeControl "180+1"]
[EndTime "10:54:30 PDT"]
[Termination "Berant won by resignation"]

1. e4 e5 2. d4 exd4 3. Qxd4 Nc6 4. Qe3 Nf6 5. Nc3 Be7 6. Bd2 O-O 7. Bc4 Na5 8. Bd3 Nc6 9. Qg3 Kh8 10. O-O-O d6 11. h4 Ne5 12. h5 h6 13. Nf3 Nfg4 14. Nxe5 Nxe5 15. f4 Nxd3+ 16. cxd3 f5 17. Qf3 Be6 18. d4 fxe4 19. Nxe4 Bxa2 20. g4 Bd5 21. g5 Qd7 22.
gxh6 Qc6+ 23. Bc3 Bxe4 24. hxg7+ Kxg7 25. d5+ Bf6 26. Qg4+ Kh7 27. dxc6 Bxc3 28. bxc3 bxc6 29. Rhg1 Rf7 30. Qe6 Raf8 31. Qxe4+ 1-0

[Event "*** SCC Grand Prix: Titled Tuesday Blitz"]
[Site "Chess.com"]
[Date "2020.06.09"]
[Round "10"]
[White "Belka1989"]
[Black "MusicCityMaster"]
[Result "0-1"]
[WhiteElo "2438"]
[BlackElo "2356"]
[TimeControl "180+1"]
[EndTime "10:54:36 PDT"]
[Termination "MusicCityMaster won by resignation"]

1. e4 c5 2. Nf3 d6 3. d4 cxd4 4.
Nxd4 Nf6 5. f3 a6 6. c4 g6 7. Nc3 Bg7 8. Be3 O-O 9. Be2 Nc6 10. O-O Nxd4 11. Bxd4 Qc7 12. Qd2 Be6 13. b3 Rfc8 14. Rab1 Nd7 15. Be3 b5 16. Nd5 Bxd5 17. cxd5 Qc2 18.
Rfc1 Qxd2 19. Bxd2 Bd4+ 20. Kf1 Nb6 21. Ba5 Be3 22.
Rxc8+ Rxc8 23. Bxb6 Bxb6 24. Bd3 Rc3 25. Ke2 e6 26.
dxe6 fxe6 27. Kd2 Rc7 28. Rc1 Be3+ 0-1